 Dungeon Crawl Stone Soup version 0.31-a0-1059-g83d41fd8b6 (webtiles) character file.

Game seed: 10117510419760927919

235 Maratek the Shield-Bearer (level 5, -10/48 HPs)
             Began as a Minotaur Fighter on Nov 21, 2023.
             Mangled by an iguana (11 damage)
             ... on level 4 of the Dungeon.
             The game lasted 00:04:11 (2517 turns).

Maratek the Shield-Bearer (Minotaur Fighter)        Turns: 2517, Time: 00:04:12

Health: -10/48     AC:  8    Str: 22    XL:     5   Next: 76%
Magic:  4/4        EV:  9    Int:  5    God:
Gold:   184        SH:  5    Dex: 10    Spells: 4/4 levels left

rFire   . . .        a - +1 trident
rCold   . . .        c - +0 buckler
rNeg    . . .        b - +0 scale mail
rPois   .            (helmet restricted)
rElec   .            i - +0 cloak
rCorr   .            (no gloves)
SInv    .            (no boots)
Will    +....        (no amulet) Stlth
                     p - ring of willpower
HPRegen 0.28/turn    (no ring)
MPRegen 0.09/turn

%: no passive effects
@: mighty
A: horns 2, retaliatory headbutt
a: no special abilities


You were on level 4 of the Dungeon.
You visited 1 branch of the dungeon, and saw 4 of its levels.

You collected 184 gold pieces.

Inventory:

Hand Weapons
 a - a +1 trident (weapon)
Missiles
 f - 2 throwing nets
Armour
 b - a +0 scale mail (worn)
 c - a +0 buckler (worn)
 i - a +0 cloak (worn)
Jewellery
 p - a ring of willpower (left hand)
Scrolls
 e - a scroll of amnesia
Potions
 h - a potion of brilliance
 k - 3 potions of enlightenment
 m - a potion of magic
 o - 3 potions of curing {unknown}
 q - a potion of lignification {unknown}
 r - a potion of mutation {unknown}


   Skills:
 + Level 5.0 Fighting
 + Level 4.2 Polearms
 + Level 5.0 Armour
 + Level 5.0 Shields


You had 4 spell levels left.
You didn't know any spells.
Your spell library contained the following spells:

 Spells                   Type           Power      Damage    Failure   Level
 Ensorcelled Hibernation  Hex/Ice        0%         N/A       94%         2
 Passwall                 Tmut/Erth      0%         N/A       94%         2
 Swiftness                Air            0%         N/A       99%         3


Dungeon Overview and Level Annotations

Branches:
Dungeon (4/15)
 Temple: D:4-7

Altars:
Trog

Shops:
D:2 (


Innate Abilities, Weirdness & Mutations

You have a pair of horns on your head.
You reflexively headbutt those who attack you in melee.


Message History

You hit the orc warrior.
You headbutt the orc warrior, but do no damage.
The orc warrior is moderately wounded.
The orc warrior hits you with a +0 dire flail.
You hit the orc warrior but do no damage.
The orc warrior is moderately wounded.
The orc warrior hits you with a +0 dire flail!
* * * LOW HITPOINT WARNING * * *
You hit the orc warrior but do no damage.
The orc warrior is moderately wounded.
The orc warrior hits you with a +0 dire flail.
* * * LOW HITPOINT WARNING * * *
You hit the orc warrior but do no damage.
The orc warrior is moderately wounded.
Read: scroll of fear
Press: ? - help, Q - select action, (/) - cycle Dir - look around, f - activate Look: an orc warrior, wielding a +0 dire flail and wearing a +0 plate armour (moderately wounded, chance to affect: 97%)
As you read the scroll of fear, it crumbles to dust.
You assume a fearsome visage.
The giant cockroach looks frightened!
The orc warrior looks frightened!
The orc looks frightened!
You feel very mighty all of a sudden.
As you read the scroll of teleportation, it crumbles to dust.
You feel strangely unstable.
Your surroundings suddenly seem different.
Found 19 gold pieces and a scroll of identify.
As you read the scroll of identify, it crumbles to dust.
h - a potion of brilliance
As you read the scroll of identify, it crumbles to dust.
m - a potion of magic You start resting.
An iguana comes into view.
You are too injured to fight recklessly!
The iguana bites you.
* * * LOW HITPOINT WARNING * * *
You barely miss the iguana. The iguana barely misses you.
You puncture the iguana!
The iguana is severely wounded.
The iguana bites you!
You die...

#.# #.# #.# #.#
#.###.##
#....... ####
######.## $.#
#......[.. #.#
#.#####... #.#
#..# #@# #..#
#.....l........
###..#
#.#####.#######
..... #.# ##..#
#.# #..# #?#
#... ### #### #
## ############


You could see an iguana.

Vanquished Creatures
  A scorpion (D:4)
  An iguana (D:4)
  An orc wizard (D:3)
  An adder (D:3)
  3 gnolls (D:4)
  A worm (D:3)
  3 dart slugs
  10 orcs
  2 endoplasms
  A giant cockroach (D:3)
  11 goblins
  6 hobgoblins
  4 jackals
  A quokka (D:1)
  7 ball pythons
  3 bats
  A frilled lizard (D:3)
  10 kobolds
  2 rats (D:3)
69 creatures vanquished.

Notes
Turn   | Place    | Note
-------+----------+-------------------------------------------
     0 | D:1      | Maratek the Minotaur Fighter began the quest for the Orb.
     0 | D:1      | Reached XP level 1. HP: 19/19 MP: 0/0
    97 | D:1      | Reached XP level 2. HP: 26/27 MP: 1/1
   792 | D:2      | Found Lexeum's Antique Weapon Shoppe.
  1078 | D:2      | Reached XP level 3. HP: 24/33 MP: 2/2
  1183 | D:2      | Found a faded altar of an unknown god.
  1400 | D:3      | Reached XP level 4. HP: 35/40 MP: 3/3
  1698 | D:3      | Found a bloodstained altar of Trog.
  2176 | D:4      | Reached XP level 5. HP: 39/47 MP: 4/4
  2381 | D:4      | Reached skill level 5 in Fighting
  2381 | D:4      | Reached skill level 5 in Armour
  2381 | D:4      | Reached skill level 5 in Shields
  2490 | D:4      | Noticed an orc warrior
  2499 | D:4      | HP: 1/48 [orc warrior/+0 dire flail (3)]
  2515 | D:4      | HP: 1/48 [iguana (5)]
  2517 | D:4      | Mangled by an iguana

Illustrated notes

Levels and vault maps discovered:
D:1:      wheals_arrival_linesprint, layout_rooms, minmay_unequal
D:2:      kennysheep_the_goblin_king, layout_basic,
          shapermc_ecumenical_altar_mp_vishouse, serial_shops,
          nicolae_shop_back_alley_shop
D:3:      layout_basic, mainiacjoe_overflow_brackets,
          minmay_misc_feat_more_columns, kennysheep_path_1
D:4:      layout_loops_ring, roderic_roman_lattice, kennysheep_generic_room_14

Skill      XL: |  1  2  3  4  5 |
---------------+----------------+-----
Fighting       | 4 5 |  5.0
Polearms       | 3 4 |  4.2
Shields        | 4 5 |  5.0
Armour         | 4 5 |  5.0

Action                     |  1- 3 |  4- 6 || total
---------------------------+-------+-------++-------
  Melee: Trident           |    86 |    99 ||   185
         Headbutt          |     7 |    12 ||    19
    Use: Scroll            |       |    11 ||    11
         Potion            |       |     1 ||     1
 Armour: Scale mail        |    53 |    45 ||    98
  Dodge: Dodged            |    39 |    26 ||    65
  Block: Buckler           |    13 |    13 ||    26

Table legend: (Time is in decaauts)
 A = Elapsed time spent in this place.
 B = Non-inter-level travel time spent in this place.
 C = Inter-level travel time spent in this place.
 D = Time resting spent in this place.
 E = Time spent auto-exploring this place.
 F = Levels seen in this place.
 G = Mean time per level.
                   A        B        C        D        E       F      G
               +--------+--------+--------+--------+--------+-----+--------+
         Total |   2546 |   2440 |    106 |    105 |   1929 |   4 |  636.5 |
       Dungeon |   2546 |   2440 |    106 |    105 |   1929 |   4 |  636.5 |
               +--------+--------+--------+--------+--------+-----+--------+

Top non-repeatable levels by time:
     D:3: 735 daAuts
     D:1: 712 daAuts
     D:2: 676 daAuts
     D:4: 423 daAuts
